Map: Orbital Shipyard

Players

fuar

  • Race: Terran Terran

wabbajack - Winner!

  • Race: Zerg Zerg
  • League: Bronze

VOD

Have the link to the VOD?

Description

Time

  • Played on: July 16, 2015, 5:16 p.m.
  • Length: 19:01
Show
View Real Time Build Order
Export as new Build Order

fuar Terran 

Build Orders:  

Get SALT Encoding   

  12  0:01  SCV  
  13  0:15  SCV  
  13  0:20  Supply Depot  
  14  0:27  SCV  
  15  0:41  SCV  
  15  0:42  Refinery  
  16  0:46  Barracks  
  16  1:01  SCV  
  17  1:13  SCV  
  17  1:15  Supply Depot  
  18  1:25  SCV  
  19  1:38  Barracks Reactor  
  19  1:43  Orbital Command  
  19  1:59  Command Center  
  19  2:10  SCV  
  20  2:16  Factory  
  20  2:18  Marine x2  
  22  2:29  SCV  
  23  2:36  Refinery  
  23  2:39  Supply Depot, Marine  
  23  2:42  Marine  
  25  2:44  SCV  
  26  2:57  SCV  
  27  3:09  SCV  
  28  3:14  Orbital Command  
  28  3:16  Barracks Reactor  
  28  3:17  Hellion x2  
  32  3:21  SCV  
  33  3:30  Starport  
  33  3:33  SCV  
  34  3:39  Hellion x2  
  39  3:41  SCV  
  39  3:45  SCV  
  39  3:48  Supply Depot  
  40  3:53  SCV  
  40  3:54  Marine x2  
  43  3:57  SCV  
  44  4:12  Marine x2  
  44  4:13  Hellion  
  44  4:14  Hellion, Starport Tech Lab  
  44  4:16  SCV x2  
  39  4:31  SCV  
  39  4:32  SCV  
  39  4:34  Viking  
  43  4:43  SCV  
  43  4:44  SCV  
  45  4:52  Hellion x2  
  49  4:56  SCV x2  
  51  5:00  Supply Depot  
  51  5:08  SCV x2  
  53  5:18  Refinery  
  53  5:20  SCV x2  
  55  5:22  Supply Depot  
  55  5:23  Supply Depot  
  55  5:32  SCV x2  
  57  5:37  Hellion  
  57  5:38  Banshee, Hellion  
  64  5:44  SCV x2  
  66  5:50  Marine x2  
  68  5:58  Starport  
  68  6:03  Armory, SCV x2  
  70  6:05  Hellion x2  
  70  6:11  Marine x2  
  75  6:15  SCV x2  
  75  6:16  Supply Depot  
  78  6:20  Supply Depot  
  78  6:25  Banshee  
  81  6:27  SCV  
  81  6:28  SCV  
  69  6:41  SCV x2  
  71  6:51  Starport Reactor  
  71  6:52  Hellion  
  71  6:53  SCV, Hellion  
  71  6:54  SCV  
  77  7:05  SCV  
  77  7:06  SCV  
  79  7:10  Banshee, Fusion Core  
  82  7:17  SCV  
  82  7:18  SCV  
  84  7:27  Starport  
  85  7:30  SCV x2  
  85  7:33  Terran Ship Weapons Level 1  
  86  7:40  Armory  
  86  7:42  SCV x2  
  88  7:44  Viking  
  90  7:54  SCV x2  
  90  7:57  Banshee  
  95  8:00  Viking  
  95  8:04  Hyperflight Rotors  
  97  8:06  Starport Tech Lab  
  97  8:08  SCV x2  
  99  8:20  SCV x2  
  99  8:27  Supply Depot x2  
  101  8:33  Terran Vehicle And Ship Armor Level 1  
  101  8:48  Banshee, Hellion x2, Viking, Refinery  
  110  8:54  Command Center, SCV x2  
  112  8:56  Banshee  
  112  8:57  Viking  
  117  9:06  SCV  
  118  9:11  Supply Depot x2  
  118  9:15  SCV, Hellion  
  98  9:24  Refinery  
  98  9:28  Viking  
  98  9:29  Refinery  
  84  9:52  Banshee  
  72  9:53  Banshee  
  72  9:55  Viking  
  72  9:58  Viking  
  75  10:15  SCV x2  
  75  10:20  Terran Ship Weapons Level 2  
  77  10:24  Hellion  
  77  10:25  Hellion  
  81  10:30  Starport  
  81  10:32  Starport  
  81  10:52  Orbital Command  
  81  10:59  Banshee  
  81  11:00  Banshee  
  91  11:04  Hellion x2  
  91  11:14  SCV x2  
  93  11:19  Starport Tech Lab x2  
  93  11:21  Refinery  
  93  11:22  Command Center, Refinery  
  93  11:23  Viking x2  
  97  11:33  SCV x3  
  97  11:34  Terran Vehicle And Ship Armor Level 2  
  100  11:41  Banshee x2, Starport  
  100  11:45  SCV  
  107  11:57  Banshee x2  
  113  12:20  Starport Tech Lab  
  113  12:24  Banshee x2  
  114  12:42  Banshee x3  
  123  12:53  Viking x2  
  123  12:57  Starport  
  100  13:07  Banshee x2  
  100  13:08  Cloaking Field  
  102  13:15  SCV x2  
  102  13:16  SCV  
  102  13:25  Banshee x2  
  97  13:32  Banshee  
  96  13:36  Starport Tech Lab  
  92  13:48  SCV x3  
  95  13:50  Banshee  
  98  14:06  SCV x2  
  100  14:20  Banshee  
  103  14:25  SCV x2  
  105  14:35  SCV  
  105  14:37  SCV  
  107  14:45  Orbital Command  
  107  14:47  SCV  
  107  14:48  SCV  
  107  14:49  SCV  
  110  14:55  Banshee  
  110  14:56  Banshee  
  110  14:59  SCV  
  117  15:11  Banshee x2  
  117  15:12  Banshee x2  
  129  15:18  Terran Vehicle And Ship Armor Level 3  
  129  15:24  Terran Ship Weapons Level 3  
  129  15:53  SCV x2  
  129  15:55  Banshee x4  
  143  16:11  Banshee x2  
  149  16:32  Viking  
  149  16:33  Viking  
  149  16:38  Banshee  
  111  16:48  Banshee x3  
  86  16:57  Banshee  
  84  17:06  Banshee  
  70  17:25  Viking x3  
  72  17:45  Viking x2  
  76  17:56  Refinery  
  76  17:57  Refinery  
  67  18:02  Viking x2  
  68  18:07  Orbital Command  
  65  18:16  Viking  
  54  18:27  SCV x2  
  36  18:39  SCV  
Show
View Real Time Build Order
Export as new Build Order

wabbajack Zerg - Winner!

Build Orders: Pool First, Lurkers 

Get SALT Encoding   

  12  0:01  Drone  
  13  0:13  Overlord  
  13  0:24  Drone  
  14  0:33  Drone x2  
  16  0:38  Drone  
  17  0:47  Spawning Pool  
  17  0:49  Extractor  
  15  0:50  Drone  
  16  0:57  Drone  
  17  1:16  Drone  
  18  1:21  Hatchery  
  17  1:29  Drone  
  18  1:35  Queen  
  20  1:42  Overlord  
  20  1:48  Zergling x2  
  21  2:09  Baneling Nest  
  21  2:13  Pneumatized Carapace  
  20  2:25  Zergling x6  
  23  2:43  Queen  
  25  2:44  Zergling x4  
  25  2:45  Zergling x2  
  25  2:48  Overlord  
  28  3:19  Baneling  
  28  3:20  Baneling  
  28  3:22  Baneling  
  28  3:40  Baneling  
  28  3:41  Baneling x2  
  28  3:51  Drone x10  
  34  4:27  Zergling x6  
  34  4:29  Zergling x6  
  38  4:38  Hatchery  
  38  4:40  Lair  
  38  4:44  Drone  
  38  4:45  Drone x6  
  44  4:46  Evolution Chamber, Overlord  
  44  4:48  Metabolic Boost  
  43  4:56  Roach Warren  
  42  5:17  Zergling x8  
  42  5:19  Zergling x6  
  42  5:20  Zergling x2  
  50  5:35  Baneling x3  
  50  5:36  Baneling  
  50  5:43  Overlord x2  
  50  5:44  Overlord x2  
  48  6:41  Drone  
  48  6:42  Drone x14  
  48  6:43  Queen  
  48  6:45  Overlord x4  
  61  6:53  Roach Warren  
  60  6:55  Hydralisk Den  
  60  6:57  Infestation Pit  
  60  6:59  Extractor  
  60  7:01  Extractor  
  51  7:16  Spore Crawler  
  51  7:17  Spore Crawler  
  51  7:19  Spine Crawler  
  51  7:21  Spine Crawler  
  47  7:26  Spore Crawler, Spine Crawler  
  47  7:27  Spine Crawler  
  47  7:28  Spore Crawler  
  47  7:29  Drone  
  44  7:30  Drone x16, Spine Crawler  
  59  7:48  Drone  
  60  7:56  Extractor  
  59  7:58  Extractor  
  59  7:59  Muscular Augments  
  59  8:00  Zerg Missile Weapons Level 1  
  59  8:03  Drone  
  59  8:04  Drone x3  
  59  8:05  Drone x2  
  64  8:12  Hatchery  
  64  8:13  Extractor  
  64  8:14  Drone x3  
  64  8:17  Glial Reconstitution  
  65  8:29  Drone  
  65  8:31  Overlord x2  
  65  8:33  Hydralisk  
  68  8:34  Hydralisk x3  
  74  9:02  Overlord x2  
  74  9:11  Hydralisk x5, Roach  
  74  9:12  Roach x5  
  74  9:15  Hydralisk  
  97  9:22  Hatchery  
  85  9:30  Hydralisk x6  
  95  10:03  Queen  
  97  10:25  Lurker Den  
  97  10:33  Ravager  
  98  10:45  Hatchery  
  97  10:53  Drone x2  
  99  11:03  Zerg Missile Weapons Level 2  
  99  11:08  Extractor  
  99  11:09  Evolution Chamber x2  
  96  11:12  Extractor  
  96  11:14  Drone x2, Extractor  
  96  11:15  Drone, Extractor  
  96  11:16  Drone x3  
  99  11:18  Drone  
  99  11:19  Drone x3  
  99  11:20  Drone x2  
  99  11:21  Overlord x5  
  99  11:22  Overlord x3  
  105  11:26  Overlord  
  105  11:27  Overlord  
  105  11:35  Zerg Ground Armor Level 1, Zerg Melee Weapons Level 1  
  105  11:37  Hive  
  105  11:42  Hydralisk x5, Roach x2  
  105  11:43  Hydralisk x2, Roach x6  
  105  11:44  Roach  
  137  11:47  Overseer x2  
  137  11:59  Lurker x3  
  137  12:00  Lurker x5  
  145  12:16  Hydralisk x2  
  145  12:17  Hydralisk x3  
  100  13:36  Spire  
  87  13:41  Queen  
  87  13:43  Overlord x5  
  87  13:44  Overlord x2  
  81  13:48  Hydralisk  
  81  13:49  Hydralisk x13  
  81  13:53  Overlord x3  
  81  13:54  Overlord x2  
  110  14:02  Drone  
  110  14:03  Drone  
  111  14:33  Hatchery  
  110  14:46  Viper x3  
  110  14:47  Viper  
  110  14:48  Viper x2  
  110  14:50  Hatchery  
  127  14:57  Zerg Flyer Weapons Level 1  
  125  15:01  Zergling x2  
  125  15:02  Zergling x32  
  125  15:04  Mutalisk x3  
  140  15:14  Mutalisk x3  
  146  15:47  Drone  
  146  15:48  Drone x3  
  146  15:49  Drone x2  
  152  15:52  Drone  
  152  15:53  Drone x7  
  160  16:00  Hatchery  
  159  16:12  Mutalisk x3  
  159  16:13  Mutalisk x2  
  169  16:27  Hatchery  
  168  16:35  Overseer x3  
  168  16:36  Overseer  
  105  17:25  Mutalisk x8  
  105  17:26  Mutalisk x10  
  138  17:40  Drone  
  138  17:41  Drone x2, Spore Crawler  
  140  17:45  Spore Crawler  
  140  17:47  Spore Crawler  
  140  17:49  Drone x3, Spine Crawler, Spore Crawler x2  
  138  18:00  Overseer  
  134  18:34  Spore Crawler, Drone x3  
  134  18:35  Spore Crawler  
Tags
 
Add a new tag
Caveats
  • Supply blocks, unpowered buildings, or Contaminate may cause inaccurate times.
  • Supply counts are checked every 10 seconds.